 Dungeon Sprint DCSS version 0.15-a0-1224-g3833f9c (webtiles) character file.

974 Infinimo the Brawler (level 7, -14/57 HPs)
             Began as a Minotaur Monk on June 1, 2014.
             Was the Champion of Makhleb.
             Demolished by a boulder beetle (28 damage)
             ... in the Dungeon (Sprint VII: "The Pits").
             The game lasted 00:02:54 (733 turns).

Infinimo the Brawler (Minotaur Monk)                 Turns: 733, Time: 00:02:54

HP -14/57        AC 14     Str 15      XL: 7   Next: 95%
MP   3/3         EV  7     Int  4 (9)  God: Makhleb [******]
Gold 0           SH  0     Dex 13      Spells:  0 memorised,  6 levels left

rFire  . . .     SeeInvis .       - Unarmed
rCold  . . .     Clarity  .     p - +3 chain mail
rNeg   . . .     rCorr    .     (no shield)
rPois  .         rRot     .     (helmet restricted)
rElec  .         Spirit   .     (no cloak)
SustAb .         Warding  .     (no gloves)
rMut   .         NoTele   +     (no boots)
Gourm  .                        (no amulet)
MR     .....                    (no ring)
                                (no ring)

@: exhausted, slowed, very slow, not resistant to hostile enchantments,
extremely unstealthy
A: retaliatory headbutt, horns 2
a: Minor Destruction, Lesser Servant of Makhleb, Major Destruction, Greater
Servant of Makhleb, Renounce Religion


You were in the Dungeon.
You worshipped Makhleb.
Makhleb was exalted by your worship.
You were very hungry.

You visited 1 branch

Inventory:

Armour
 p - a +3 chain mail (worn)
Comestibles
 b - 8 bread rations
 i - 40 fruits
 j - 7 meat rations
Scrolls
 h - a scroll of blinking
 l - 2 scrolls of vulnerability
 m - 3 scrolls of remove curse
 n - 5 scrolls of amnesia
 o - a scroll of summoning
Potions
 c - 5 potions of curing
 d - 5 potions of heal wounds
 e - a potion of haste
 f - 4 potions of magic
 g - a potion of berserk rage
 k - 2 potions of invisibility


   Skills:
 - Level 3.6 Fighting
 + Level 9.4 Armour
 - Level 7.5 Dodging
 - Level 1.5 Stealth
 * Level 15.2 Unarmed Combat


You had 6 spell levels left.
You didn't know any spells.

Dungeon Overview and Level Annotations

Branches:
Dungeon (1/1)

Altars:
Ashenzari
Cheibriados
Dithmenos
Elyvilon
Fedhas
Kikubaaqudgha
Makhleb
Nemelex Xobeh
Okawaru
Sif Muna
Trog
Vehumet
Xom
Yredelemnul
Zin
The Shining One
Beogh
Jiyva
Lugonu


Innate Abilities, Weirdness & Mutations

You reflexively headbutt those who attack you in melee.
You have a pair of horns on your head.


Message History

a whip; a robe You punch the big kobold!
The big kobold is heavily wounded.
The big kobold is heavily wounded.
You furiously retaliate!
You headbutt the big kobold!
Your chain mail prevents you from hitting the big kobold.
You headbutt the big kobold, but do no damage.
The big kobold is severely wounded.
You punch the big kobold!
You kill the big kobold!
Makhleb accepts your kill.
You feel a little better.
You start resting.
You are feeling very hungry.
The boulder beetle curls into a ball and starts rolling!
You headbutt the boulder beetle, but do no damage.
The boulder beetle smashes into you!
* * * LOW HITPOINT WARNING * * *
The boulder beetle stops rolling.
The boulder beetle bites you!!
You die...

#.#...)))[.##.......#
#'###########.......#
#...%...#.. #########
#..#%#..#.# ####
#.##.##.#.#....#
#.......#'#....#
#.##.##.#)ยง....+
#..#.#..#B#....#
#.......(@# ...#
########### ###


You could see a boulder beetle.

Vanquished Creatures
  A freezing wraith (D)
  2 orc warriors (D)
  A water moccasin (D)
  A sky beast (D)
  A big kobold (D)
  A brain worm (D)
  2 quasits (D)
  A gnoll shaman (D)
  An orc priest (D)
  3 orc wizards (D)
  An adder (D)
  A green rat (D)
  A giant mite (D)
  An ufetubus (D)
  3 orcs (D)
  A ball python (D)
  A bat zombie (D)
  2 giant cockroaches (D)
  2 giant newts (D)
  3 kobolds (D)
  A kobold skeleton (D)
31 creatures vanquished.

Notes
Turn   | Place    | Note
--------------------------------------------------------------
     0 | D        | Infinimo, the Minotaur Monk, began the quest for the Orb.
     0 | D        | Reached XP level 1. HP: 19/19 MP: 1/1
    21 | D        | Found a basalt altar of Yredelemnul.
    21 | D        | Found a shadowy altar of Dithmenos.
    21 | D        | Found a deep blue altar of Sif Muna.
    21 | D        | Found a burning altar of Makhleb.
    21 | D        | Found a shimmering altar of Xom.
    21 | D        | Found an ancient bone altar of Kikubaaqudgha.
    21 | D        | Found a sparkling altar of Nemelex Xobeh.
    22 | D        | Found a glowing golden altar of the Shining One.
    22 | D        | Found a bloodstained altar of Trog.
    22 | D        | Found a shattered altar of Ashenzari.
    22 | D        | Found a white marble altar of Elyvilon.
    22 | D        | Found a snail-covered altar of Cheibriados.
    22 | D        | Found a blossoming altar of Fedhas.
    22 | D        | Found a radiant altar of Vehumet.
    22 | D        | Found a glowing silver altar of Zin.
    22 | D        | Found a corrupted altar of Lugonu.
    22 | D        | Found a viscous altar of Jiyva.
    22 | D        | Found a roughly hewn altar of Beogh.
    22 | D        | Found an iron altar of Okawaru.
    26 | D        | Became a worshipper of Makhleb the Destroyer
    26 | D        | Acquired Makhleb's first power
    26 | D        | Acquired Makhleb's second power
    48 | D        | Reached skill level 5 in Unarmed Combat
    51 | D        | Noticed a brain worm
    56 | D        | Killed a brain worm
    56 | D        | Reached skill level 5 in Dodging
    56 | D        | Reached skill level 8 in Unarmed Combat
    56 | D        | Reached XP level 2. HP: 26/26 MP: 1/1
    56 | D        | Reached XP level 3. HP: 31/31 MP: 2/2
   168 | D        | Acquired Makhleb's third power
   170 | D        | Noticed a sky beast
   173 | D        | Reached XP level 4. HP: 37/39 MP: 2/2
   179 | D        | Killed a sky beast
   179 | D        | Reached skill level 10 in Unarmed Combat
   179 | D        | Reached XP level 5. HP: 45/45 MP: 2/2
   187 | D        | Acquired Makhleb's fourth power
   283 | D        | Noticed a quasit
   284 | D        | Noticed an orc wizard
   285 | D        | Noticed an orc warrior
   286 | D        | Noticed an orc wizard
   299 | D        | Killed an orc wizard
   309 | D        | Killed an orc warrior
   309 | D        | Reached skill level 12 in Unarmed Combat
   309 | D        | Reached XP level 6. HP: 51/51 MP: 3/3
   316 | D        | Killed a quasit
   316 | D        | Acquired Makhleb's fifth power
   316 | D        | Reached skill level 5 in Armour
   318 | D        | Killed an orc wizard
   373 | D        | Noticed an orc warrior
   375 | D        | Noticed an orc wizard
   375 | D        | Noticed a water moccasin
   400 | D        | Killed an orc warrior
   400 | D        | Reached skill level 13 in Unarmed Combat
   412 | D        | Killed a water moccasin
   412 | D        | Reached XP level 7. HP: 14/57 MP: 3/3
   537 | D        | Killed an orc wizard
   591 | D        | Noticed an orc priest
   596 | D        | Killed an orc priest
   596 | D        | Reached skill level 14 in Unarmed Combat
   676 | D        | Noticed a gnoll shaman
   681 | D        | Killed a gnoll shaman
   684 | D        | Noticed a boulder beetle
   684 | D        | Noticed a freezing wraith
   686 | D        | Noticed a big kobold
   686 | D        | Noticed a quasit
   701 | D        | Killed a freezing wraith
   707 | D        | Killed a quasit
   707 | D        | Reached skill level 15 in Unarmed Combat
   713 | D        | Killed a big kobold
   733 | D        | Demolished by a boulder beetle

Action                   |  1- 3 |  4- 6 |  7- 9 || total
-------------------------+-------+-------+-------++-------
Melee: Unarmed           |    12 |    58 |    42 ||   112
  Use: Potion            |       |     3 |     1 ||     4
